 Dungeon Crawl Stone Soup version 0.25-a0-661-g55ea3d2053 (webtiles) character file.

Game seed: 6503025595166834099, levelgen mode: deterministic

860 sanka the Gouger (level 7, 31/31 HPs)
             Began as a Felid Wanderer on Mar 23, 2020.
             Quit the game on level 6 of the Dungeon.
             The game lasted 00:24:07 (9030 turns).

sanka the Gouger (Felid Wanderer)                   Turns: 9030, Time: 00:24:07

Health: 31/31      AC:  2    Str: 11    XL:     7   Next: 71%
Magic:  20/20      EV: 20    Int: 13    God:
Gold:   305        SH:  4    Dex: 15    Spells: 4/10 levels left
                                        Lives:  1   Deaths: 1

rFire    . . .     SeeInvis +     - Unarmed
rCold    . . .     Gourm    .   (shield unavailable)
rNeg     . . .     Faith    .   (armour unavailable)
rPois    +         Spirit   +   (helmet unavailable)
rElec    .         Reflect  .   (cloak unavailable)
rCorr    .         Harm     .   (gloves unavailable)
MR       +....                  (boots unavailable)
Stlth    ++........             x - amulet of guardian spirit
HPRegen  0.10/turn              i - ring of poison resistance
MPRegen  0.17/turn              l - ring of magical power

@: quick
A: very small, no armour, no weapons or thrown items, stealth, claws 1, fangs 3,
large bone plates 1, see invisible, carnivore, speed 1, shaggy fur 2, slow
metabolism 1, MP-powered wands, sharp paws
a: no special abilities


You were on level 6 of the Dungeon.
You were not hungry.

You visited 1 branch of the dungeon, and saw 6 of its levels.

You collected 305 gold pieces.


Innate Abilities, Weirdness & Mutations

You cannot wear armour.
You are incapable of wielding weapons or throwing items.
Your paws allow you to move quietly. (Stealth)
You have sharp claws.
You have razor-sharp teeth.
You have supernaturally acute eyesight. (SInv)
You are carnivorous and can eat meat at any time.
You cover ground quickly.
You are covered in thick fur. (AC +2)
You have a slow metabolism.
Your sharp claws are effective at attacking unaware monsters.
You are partially covered in large bone plates. (SH +4)
You expend magic power (3 MP) to strengthen your wands.


   Skills:
 - Level 3.0 Fighting
 * Level 4.8 Dodging
 - Level 1.3 Stealth
 - Level 10.1 Unarmed Combat
 - Level 2.0 Spellcasting
 + Level 4.4 Earth Magic
 - Level 1.1 Evocations


You had 4 spell levels left.
You knew the following spells:

 Your Spells              Type           Power        Failure   Level  Hunger
z - Sandblast             Erth           ##....       4%          1    ##.....
X - Lee's Rapid Deconstr  Erth           ##........   75%         5    ######.

Your spell library contained the following spells:

 Spells                   Type           Power        Failure   Level  Hunger
 Passwall                 Tmut/Erth      #.......     16%         2    ###....
 Stone Arrow              Conj/Erth      #.....       30%         3    ####...
 Petrify                  Tmut/Erth      #.......     71%         4    #####..

Inventory:

Missiles
 t - 73 stones
Jewellery
 i - a ring of poison resistance (left paw)
 l - a ring of magical power (right paw)
 m - an uncursed ring of magical power
 s - an uncursed amulet of regeneration {unknown}
 x - an amulet of guardian spirit (around neck)
Wands
 a - a wand of flame (20)
Scrolls
 f - 6 scrolls of remove curse
 g - 3 scrolls of teleportation {@r4}
 k - a scroll of immolation {!r}
 r - 2 scrolls of amnesia
 w - a scroll of fog {unknown}
Potions
 b - a potion of lignification {!q}
 d - 2 potions of mutation {!q}
 e - a potion of flight
 h - a potion of brilliance
 j - a potion of haste {unknown}
 o - a potion of might {unknown}
 p - a potion of heal wounds {unknown}
 v - a potion of degeneration {unknown}
Comestibles
 c - 8 rations
 u - 2 chunks of flesh

Dungeon Overview and Level Annotations

Branches:
Dungeon (6/15)
 Temple: D:4-7

Altars:
Gozag
Vehumet
Wu Jian
Yredelemnul
Zin

Shops:
D:4 : D:5

(
▒.........(▒▒...▒(..▒...▒..
▒.........(..c▒...▒...▒...▒
▒....▒▒....(▒...▒...▒...▒..
▒....▒▒.......▒...▒...▒...▒
▒▒▒▒▒▒▒.....▒...▒...▒...▒..
▒.......▒...▒...▒...▒
▒▒▒▒..▒...▒...▒...▒..
▒....▒...▒...▒...▒
▒h.▒...▒...▒...▒..
▒....▒...▒...▒...▒
▒..▒...▒...▒...▒..
▒....▒...▒...▒...▒
▒..▒...▒...▒...▒.÷
▒▒▒..▒...▒...▒...▒
▒▒▒..▒...▒...▒..
▒▒▒..▒...▒...▒ ▒▒▒..▒...▒..


There were no monsters in sight!


Message History

The centaur misses you.
Unknown command.
You block the centaur's attack. You block the orc warrior's attack.
Okay, then.
Blink to where?
You are very lightly contaminated with residual magic.
As you read the scroll of blinking, it crumbles to dust.
The centaur wields a +0 shortbow.
The centaur shoots an arrow.
The arrow misses you.
You see here an arrow.
The centaur shoots an arrow.
The arrow hits you!
* * * LOW HITPOINT WARNING * * *
You see here an arrow.
The centaur shoots an arrow.
The arrow hits you!
* * * LOW HITPOINT WARNING * * *
You see here an arrow.
The centaur shoots an arrow.
The arrow misses you.
You see here an arrow.
The centaur shoots an arrow.
The arrow hits you!
You die...
You are now level 7!
You rejoin the land of the living...
Unknown command.
Are you sure you want to abandon this character and quit the game? (Confirm with "yes".)

Action                   |  1- 3 |  4- 6 |  7- 9 || total
-------------------------+-------+-------+-------++-------
Melee: Unarmed           |   102 |   145 |   131 ||   378
       Bite              |     7 |     7 |    14 ||    28
       Punch             |       |     2 |     3 ||     5
 Cast: Sandblast         |       |    10 |    14 ||    24
Evoke: Wand              |       |     5 |    10 ||    15
  Use: Scroll            |     5 |     5 |     1 ||    11
       Potion            |     1 |       |     3 ||     4
 Stab: Distracted        |     1 |       |       ||     1
       Sleeping          |     3 |     6 |     4 ||    13
  Eat: Chunk             |    10 |     7 |     7 ||    24
Armor: Skin              |     9 |     8 |     4 ||    21
Dodge: Dodged            |    60 |    85 |    73 ||   218
Block: Other             |       |       |     3 ||     3

Levels and vault maps discovered:
D:1:      dpeg_arrival_round_b, layout_basic, serial_corexii_hall,
          chequers_hall_statues_wall_a, corexii_hall_statues_s,
          corexii_hall_statues_i, serial_bayou_pond_e
D:2:      layout_rooms, zin_treasury
D:3:      layout_basic, first_ration, grunt_ministairs_7, lemuel_flame_loot_1,
          uniq_sigmund
D:4:      layout_basic, kennysheep_mini_moat, lemuel_doored_altar,
          nicolae_gozag_cash_rules_everything_around_me, serial_shops, shop,
          columned_hall_lemuel
D:5:      layout_basic, yredelemnul_altar_generic, serial_shops,
          kennysheep_mini, serial_glass, glass_columns_a, glass_columns_b
D:6:      layout_basic, st_stairs_11, hex_large, uniq_maggie

Notes
Turn   | Place    | Note
-------+----------+-------------------------------------------
     0 | D:1      | sanka the Felid Wanderer began the quest for the Orb.
     0 | D:1      | sanka set off with the following items: a wand of flame
                  | (15), 2 potions of lignification {!q}, a ration
     0 | D:1      | Reached XP level 1. HP: 10/10 MP: 2/2
   312 | D:1      | Reached XP level 2. HP: 14/14 MP: 3/3
  1589 | D:2      | Reached XP level 3. HP: 8/17 MP: 4/4
  2049 | D:2      | Reached skill level 6 in Unarmed Combat
  2094 | D:2      | Found a glowing silver altar of Zin.
  2511 | D:3      | Reached XP level 4. HP: 21/21 MP: 5/5
  2964 | D:3      | Noticed Sigmund
  3338 | D:3      | Reached skill level 7 in Unarmed Combat
  3590 | D:3      | Reached XP level 5. HP: 24/24 MP: 6/6
  3816 | D:4      | Found Acaomauwn's Book Shop.
  4058 | D:4      | Learned a level 1 spell: Sandblast
  4361 | D:3      | Killed Sigmund
  4361 | D:3      | Reached skill level 8 in Unarmed Combat
  4361 | D:3      | Gained mutation: You are covered in thick fur. (AC +2)
                  | [Felid growth]
  4361 | D:3      | Reached XP level 6. HP: 28/28 MP: 7/7
  4780 | D:4      | Found a radiant altar of Vehumet.
  4867 | D:4      | Found an opulent altar of Gozag.
  4926 | D:4      | Found an ornate altar of the Wu Jian Council.
  5550 | D:4      | Reached skill level 1 in Spellcasting
  5550 | D:4      | Reached skill level 1 in Earth Magic
  5858 | D:5      | Entered Level 5 of the Dungeon
  5877 | D:4      | HP: 1/28 [scorpion (8)]
  6184 | D:4      | Reached XP level 7. HP: 31/31 MP: 10/10
  6229 | D:5      | Reached skill level 2 in Spellcasting
  6315 | D:5      | Found Nuisawk's Weapon Shop.
  6413 | D:5      | Reached skill level 9 in Unarmed Combat
  6413 | D:5      | Reached skill level 2 in Earth Magic
  7236 | D:5      | Found a basalt altar of Yredelemnul.
  7295 | D:5      | HP: 1/31 [scorpion (8)]
  7312 | D:5      | Reached skill level 3 in Earth Magic
  7312 | D:5      | Reached XP level 8. HP: 3/34 MP: 12/12
  8408 | D:6      | Reached skill level 10 in Unarmed Combat
  8508 | D:6      | Learned a level 5 spell: Lee's Rapid Deconstruction
  8570 | D:6      | Reached skill level 1 in Dodging
  8691 | D:6      | Reached skill level 2 in Dodging
  8697 | D:6      | Identified +1 acid dragon scales
  8697 | D:6      | Noticed Maggie
  8721 | D:6      | Killed Maggie
  8721 | D:6      | Reached skill level 4 in Dodging
  8721 | D:6      | Reached skill level 4 in Earth Magic
  9008 | D:6      | Gained mutation: You expend magic power (3 MP) to
                  | strengthen your wands. [potion of mutation]
  9008 | D:6      | Gained mutation: You are partially covered in large bone
                  | plates. (SH +4) [potion of mutation]
  9024 | D:6      | HP: 1/34 [centaur/arrow (8)]
  9029 | D:6      | Shot with an arrow by a centaur
  9030 | D:6      | Reached XP level 7. HP: -5/31 MP: 0/20
  9030 | D:6      | Quit the game

Vanquished Creatures
  Maggie (D:6)
  Sigmund (D:3)
  A phantom (D:4)
  2 sky beasts
  An ogre (D:5)
  A bullfrog (D:6)
  3 scorpions
  2 crimson imps (D:5)
  A jelly (D:5)
  4 orc wizards
  2 orc priests
  An iguana (D:6)
  5 worker ants
  6 gnolls (D:6)
  10 adders
  An adder skeleton (D:5)
  3 worms
  3 leopard geckos
  19 orcs
  7 giant cockroaches
  8 goblins
  4 hobgoblins
  10 jackals
  3 quokkas
  A ball python (D:1)
  9 bats
  4 frilled lizards
  A giant cockroach zombie (D:5)
  6 kobolds
  A leopard gecko zombie (D:6)
  8 rats
129 creatures vanquished.
